 Dungeon Crawl Stone Soup version 0.23.2-40-g277498a001 (webtiles) character file.

Game seed: 16496076983477037861

61 Iskender the Scratcher (level 3, 0/16 (17) HPs)
             Began as a Felid Chaos Knight on Oct 11, 2019.
             Was a Plaything of Xom.
             Succumbed to an adder's poison
             ... on level 4 of the Dungeon on Oct 12, 2019.
             The game lasted 00:11:01 (2281 turns).

Iskender the Scratcher (Felid Chaos Knight)         Turns: 2281, Time: 00:11:03

HP:   0/16 (17)     AC:  1    Str:  7 (8)  XL:     3   Next: 83%
MP:   4/4           EV: 24    Int: 11 (13) God:    Xom [.*....]
Gold: 156           SH:  0    Dex: 19 (21) Spells: 2/2 levels left
                                        Lives: 0   Deaths: 0

rFire    . . .     SeeInvis +     - Unarmed
rCold    . . .     Gourm    .   (shield unavailable)
rNeg     . . .     Faith    .   (armour unavailable)
rPois    .         Spirit   .   (helmet unavailable)
rElec    .         Reflect  .   (cloak unavailable)
rCorr    .         Harm     .   (gloves unavailable)
MR       +....                  (boots unavailable)
Stlth    +++++.....             (no amulet)
HPRegen  0.05/turn              f - ring of stealth (curse)
MPRegen  0.09/turn              e - ring of protection from magic

@: agile, lethally poisoned (0 -> -17), hasted, very quick
A: very small, no armour, no weapons or thrown items, stealth, claws 1, fangs 3,
see invisible, carnivore, speed 1, shaggy fur 1, slow metabolism 1, sharp paws
a: Renounce Religion


You were on level 4 of the Dungeon.
You worshipped Xom.
You were a plaything of Xom.
You were very full.

You visited 1 branch of the dungeon, and saw 4 of its levels.

You collected 156 gold pieces.

Inventory:

Jewellery
 e - a ring of protection from magic (right paw)
 f - a cursed ring of stealth (left paw)
Scrolls
 b - 2 scrolls of identify {unknown}
 c - 2 scrolls of teleportation
 d - a scroll of remove curse {unknown}
 g - a scroll of immolation {unknown}
Potions
 m - a potion of brilliance {unknown}
Comestibles
 a - 6 rations


   Skills:
 - Level 3.0 Fighting
 - Level 3.2 Dodging
 - Level 2.2 Stealth
 + Level 4.5 Unarmed Combat


You had 2 spell levels left.
You didn't know any spells.
Your spell library was empty.

Dungeon Overview and Level Annotations

Branches:
Dungeon (4/15)
 Temple: D:4-7

Altars:

Annotations:
D:2 exclusion: adder
D:3 exclusions: bat and orc wizard, Grinder, Ijyb


Innate Abilities, Weirdness & Mutations

You cannot wear armour.
You are incapable of wielding weapons or throwing items.
Your paws allow you to move quietly. (Stealth)
You have sharp claws.
You have razor-sharp teeth.
You have supernaturally acute eyesight. (SInv)
You are carnivorous and can eat meat at any time.
You cover ground quickly.
You are covered in fur. (AC +1)
You have a slow metabolism.
Your sharp claws are effective at attacking unaware monsters.


Message History

It was a potion of degeneration.
There was something very wrong with that liquid.
You feel weakened.
You feel dopey.
You feel clumsy.
Xom roars with laughter!
* * * LOW HITPOINT WARNING * * *
You feel sick. The adder bites you.
* * * LOW HITPOINT WARNING * * *
You are more poisoned.
The adder poisons you!
It was a potion of agility.
You feel agile all of a sudden.
Xom roars with laughter!
* * * LOW HITPOINT WARNING * * *
You feel sick. The adder closely misses you.
Unknown command.
It was a potion of haste.
You feel yourself speed up.
You die...
Xom bursts into laughter!

###
######.#
#......#
#.####@#
#.# #S<#
#.# #..#
#.###..#
#......#
####...#
#...#
#...#
#...#


You could see an adder.

Vanquished Creatures
  3 worms
  3 dart slugs
  5 leopard geckos
  An orc (D:2)
  A ball python (D:3)
  4 bats
  3 goblins (D:2)
  4 hobgoblins
  5 frilled lizards
  7 kobolds
  6 rats
42 creatures vanquished.

Notes
Turn   | Place    | Note
-------+----------+-------------------------------------------
     0 | D:1      | Iskender the Felid Chaos Knight began the quest for the
                  | Orb.
     0 | D:1      | Reached XP level 1. HP: 10/10 MP: 2/2
    40 | D:1      | Reached skill level 1 in Stealth
   328 | D:1      | Reached XP level 2. HP: 14/14 MP: 3/3
   589 | D:2      | XOM: butterfly on damage
   952 | D:2      | Reached XP level 3. HP: 17/17 MP: 4/4
  1083 | D:2      | XOM: mild Pois miscast
  1202 | D:3      | Noticed Grinder
  1246 | D:3      | Reached skill level 4 in Unarmed Combat
  1312 | D:2      | XOM is BORED!
  1312 | D:2      | XOM: mild Necr miscast
  1406 | D:2      | XOM: noise
  1783 | D:3      | Noticed Ijyb
  2281 | D:4      | Succumbed to an adder's poison

Skill      XL: |  1  2  3 |
---------------+----------+-----
Stealth        | 2 |  2.2
Unarmed Combat | 4 |  4.5
Fighting       | |  3.0
Dodging        | |  3.2

Action                   || total
-------------------------++-------
Melee: Unarmed           ||   109
       Bite              ||     9
       Punch             ||     2
  Use: Scroll            ||     4
       Potion            ||     4
 Stab: Sleeping          ||    11
       Distracted        ||     2
  Eat: Chunk             ||     9
Armor: Skin              ||     6
Dodge: Dodged            ||    50
